 Dungeon Crawl Stone Soup version 0.15.0-27-gbdb0435 (webtiles) character file.

541 Kashira the Magician (level 7, -3/56 HPs)
             Began as a Naga Wizard on Sept 11, 2014.
             Was an Initiate of Cheibriados.
             Slain by Grinder (7 damage)
             ... while paralysed by Grinder
             ... on Level 5 of the Dungeon.
             The game lasted 00:14:55 (4445 turns).

Kashira the Magician (Naga Wizard)                  Turns: 4445, Time: 00:14:55

HP  -3/56        AC  5     Str 11      XL: 7   Next: 26%
MP  11/19        EV  1     Int 21      God: Cheibriados [......]
Gold 260         SH  0     Dex 10      Spells:  5 memorised,  5 levels left

rFire  . . .     SeeInvis +     E - +0 scythe
rCold  . . .     Clarity  .     A - +0 leather armour
rNeg   . . .     rCorr    .     (no shield)
rPois  +         rRot     .     b - +0 hat
rElec  .         Spirit   .     D - +1 cloak
SustAb .         Warding  .     (no gloves)
rMut   .         Stasis   .     (no barding)
Gourm  .                        (no amulet)
MR     .....                    (no ring)
                                x - ring of stealth

@: paralysed, repel missiles, very slow, not resistant to hostile enchantments,
fairly stealthy
A: spit poison, see invisible, deformed body, poison resistance, slowness 2, AC
+2
a: Spit Poison, Bend Time, Renounce Religion


You were on level 5 of the Dungeon.
You worshipped Cheibriados.
Cheibriados was noncommittal.
You were very hungry.

You visited 2 branches of the dungeon, and saw 6 of its levels.

You collected 260 gold pieces.

Inventory:

Hand weapons
 g - a +0 club
 E - a +0 scythe (weapon)
Missiles
 u - a throwing net (quivered)
Armour
 b - a +0 hat (worn)
 A - a +0 leather armour (worn)
 D - a +1 cloak (worn)
Magical devices
 s - a wand of magic darts (1)
 C - a wand of random effects (10)
Comestibles
 d - 5 bread rations
 l - 3 fruits
 q - 2 meat rations
 F - a beef jerky
Scrolls
 f - 3 scrolls of fog {unknown}
 h - 2 scrolls of remove curse {unknown}
 j - a scroll of random uselessness {unknown}
 m - 3 scrolls of identify {unknown}
 o - 2 scrolls of enchant armour {unknown}
 r - 3 scrolls of fear
 t - 3 scrolls of magic mapping {unknown}
 v - a scroll of recharging {unknown}
 y - 2 scrolls of immolation {unknown}
 B - a scroll of teleportation {unknown}
Jewellery
 a - an uncursed ring of ice {unknown}
 x - a ring of stealth (left hand)
Potions
 e - 3 potions of heal wounds {unknown}
 i - 6 potions of might
 k - 2 potions of brilliance {unknown}
 n - 2 potions of curing {unknown}
 p - 2 potions of lignification {unknown}
 w - a potion of magic {unknown}
 z - a potion of haste {unknown}
Books
 c - a book of Minor Magic

   Spells                             Type                      Level
   *Magic Dart                        Conjuration                  1
   *Blink                             Translocation                2
   Call Imp                           Summoning                    2
   *Repel Missiles                    Charms/Air                   2
   Slow                               Hexes                        2
   *Conjure Flame                     Conjuration/Fire             3
   *Mephitic Cloud                    Conjuration/Poison/Air       3


   Skills:
 + Level 0.8 Fighting
 + Level 0.8 Armour
 + Level 2.4 Dodging
 - Level 3.0 Stealth
 + Level 5.4 Spellcasting
 * Level 4.4 Conjurations
   Level 1.0 Summonings
 + Level 1.1 Translocations
 + Level 0.6 Air Magic
 + Level 1.0 Poison Magic


You had 5 spell levels left.
You knew the following spells:

 Your Spells              Type           Power        Failure   Level  Hunger
a - Magic Dart            Conj           ###.         1%          1    None
b - Mephitic Cloud        Conj/Pois/Air  ##......     17%         3    ##.....
c - Conjure Flame         Conj/Fire      ##......     14%         3    ##.....
d - Blink                 Tloc           N/A          12%         2    None
e - Repel Missiles        Chrm/Air       #.....       14%         2    None


Dungeon Overview and Level Annotations

Branches:
Dungeon (5/15)             Temple (1/1) D:5

Altars:
Cheibriados
Dithmenos
Elyvilon
Kikubaaqudgha
Qazlal
Trog
Xom
Yredelemnul
The Shining One

Shops:
D:5 (

Annotations:
D:5 Grinder


Innate Abilities, Weirdness & Mutations

You cannot wear boots.
You can spit poison.
Your serpentine skin is tough (AC +2).
You have supernaturally acute eyesight.
Armour fits poorly on your strangely shaped body.
Your system is resistant to poisons.
You cover ground very slowly.


Message History

Grinder is heavily wounded.
Grinder hits you.
You writhe in agony.
Casting: Magic Dart
Confirm with . or Enter, or press ? or * to list all spells.
Aiming: Magic Dart
Press: ? - help, Shift-Dir - straight line, f/p - Grinder
Aim: Grinder carrying a wand of frost {zapped: 2} (heavily wounded)
The magic dart hits Grinder.
Grinder is severely wounded.
Grinder gestures at you.
You suddenly lose the ability to move!
Grinder hits you!
* * * LOW HITPOINT WARNING * * *
You writhe in agony. x2
Grinder zaps a wand.
The puff of frost hits you!
* * * LOW HITPOINT WARNING * * *
Grinder hits you but does no damage.
The giant newt bites you but does no damage.
Grinder hits you!
You die...

#.# #.# #.#
#########.#
#.........##
#.#.##.#...###### ###
...............##...##
#.#..#...#.>........##
# #........##@.......#
##.#..#####5l.....[#
...#..# #........
..[.... ..#.....#
###... ####...## ....
#.## .#


You could see Grinder and a giant newt.

Vanquished Creatures
  Sigmund (D:3)
  A giant frog (D:5)
  A scorpion (D:4)
  A crimson imp (D:5)
  2 hounds (D:4)
  An orc priest (D:4)
  An iguana (D:4)
  Ijyb (D:3)
  Jessica (D:2)
  Terence (D:2)
  7 adders
  A shadow imp (D:5)
  2 worms
  3 giant geckos
  3 orcs (D:4)
  10 goblins
  11 hobgoblins
  9 kobolds
  14 bats
  3 giant cockroaches
  8 giant newts
  4 jackals (D:4)
  A quokka (D:3)
  5 rats
92 creatures vanquished.

Notes
Turn   | Place    | Note
--------------------------------------------------------------
     0 | D:1      | Kashira, the Naga Wizard, began the quest for the Orb.
     0 | D:1      | Reached XP level 1. HP: 15/15 MP: 4/4
   130 | D:1      | Reached XP level 2. HP: 22/22 MP: 4/6
   544 | D:2      | Reached XP level 3. HP: 14/28 MP: 2/8
   553 | D:2      | Learned a level 3 spell: Mephitic Cloud
   557 | D:2      | Learned a level 3 spell: Conjure Flame
   560 | D:2      | Learned a level 2 spell: Blink
   713 | D:2      | Noticed Jessica
   720 | D:2      | Killed Jessica
   720 | D:2      | Reached skill level 4 in Spellcasting
   940 | D:2      | Reached XP level 4. HP: 36/36 MP: 6/11
  1486 | D:2      | Noticed Terence
  1502 | D:2      | Killed Terence
  1847 | D:2      | Reached XP level 5. HP: 24/42 MP: 1/13
  2372 | D:3      | Learned a level 2 spell: Repel Missiles
  2384 | D:3      | Noticed Sigmund
  2394 | D:3      | Killed Sigmund
  2567 | D:3      | Reached XP level 6. HP: 49/49 MP: 13/16
  2694 | D:3      | Noticed Ijyb
  2705 | D:3      | Killed Ijyb
  2933 | D:4      | Reached skill level 5 in Spellcasting
  3407 | D:4      | Found a basalt altar of Yredelemnul.
  3408 | D:4      | Found a bloodstained altar of Trog.
  3782 | D:5      | Entered Level 5 of the Dungeon
  3850 | D:5      | Found Yzeufuek's Antique Weapon Boutique.
  3893 | D:4      | Reached XP level 7. HP: 54/56 MP: 14/19
  4147 | D:5      | Reached skill level 1 in Poison Magic
  4249 | D:5      | Found a staircase to the Ecumenical Temple.
  4259 | Temple   | Entered the Ecumenical Temple
  4269 | Temple   | Became a worshipper of Cheibriados the Contemplative
  4432 | D:5      | Noticed Grinder
  4441 | D:5      | Paralysed by Grinder for 5 turns
  4445 | D:5      | Slain by Grinder

Action                   |  1- 3 |  4- 6 |  7- 9 || total
-------------------------+-------+-------+-------++-------
Melee: Club              |     4 |    18 |       ||    22
       Scythe            |       |       |     9 ||     9
Throw: Throwing net      |       |       |     1 ||     1
 Cast: Magic Dart        |    43 |   133 |    27 ||   203
       Blink             |     1 |       |       ||     1
       Mephitic Cloud    |       |     9 |     2 ||    11
       Repel Missiles    |       |     1 |       ||     1
 Abil: Spit Poison       |    22 |    39 |     4 ||    65
Evoke: Wand              |       |       |     1 ||     1
  Use: Potion            |       |     1 |       ||     1
       Scroll            |       |     1 |       ||     1
 Stab: Confused          |       |     1 |       ||     1
       Sleeping          |       |     1 |       ||     1
  Eat: Chunk             |     1 |    11 |     1 ||    13
       Fruit             |       |       |     1 ||     1
